 Dungeon Crawl Stone Soup version 0.23.2 (webtiles) character file.

Game seed: 275175871438721024

397873 OdinFK the Archmage (level 22, 118/118 (120) HPs)
             Began as a Deep Elf Fire Elementalist on Mar 31, 2019.
             Was the Champion of Vehumet.
             Starved to death
             ... on level 14 of the Dungeon on Apr 1, 2019.
             The game lasted 05:27:35 (48071 turns).

OdinFK the Archmage (Deep Elf Fire Elementalist)   Turns: 48071, Time: 05:27:36

HP:   118/118 (120) AC: 12    Str:  8    XL:     22   Next: 22%
MP:   55/55         EV: 32    Int: 37    God:    Vehumet [******]
Gold: 1689          SH:  0    Dex: 15    Spells: 23/75 levels left

rFire    + . .     SeeInvis .   L - staff of fire
rCold    . . .     Gourm    .   (no shield)
rNeg     . . .     Faith    .   Q - +2 robe {Archmagi}
rPois    .         Spirit   .   X - +1 hat {Int+3}
rElec    .         Reflect  .   I - +2 cloak of Adduduel {+Fly Int+3 Slay+6}
rCorr    +         Harm     .   r - +2 pair of gloves {Str+3}
MR       +++..                  y - +0 pair of boots {run}
Stlth    ++........             q - amulet of the acrobat
HPRegen  0.29/turn              j - ring of protection from magic
MPRegen  0.34/turn              f - ring of resist corrosion

@: acrobat, fainting, quick
A: no striking features
}: 2/15 runes: barnacled, gossamer
a: Renounce Religion, Evoke Flight


You were on level 14 of the Dungeon.
You worshipped Vehumet.
Vehumet was exalted by your worship.
You were fainting.

You visited 9 branches of the dungeon, and saw 40 of its levels.
You also visited: Wizlab.

You collected 4331 gold pieces.
You spent 2642 gold pieces at shops.

Inventory:

Hand Weapons
 n - the +6 scimitar of the Middle {protect, Fragile +Fly rC+++ Dex+7}
   (You found it on level 3 of the Elven Halls)

   It protects the one who uses it against injury (+AC on strike).
   It affects your dexterity (+7).
   It renders you almost immune to cold.
   It lets you fly.
   It will be destroyed if unequipped.
Armour
 a - the +1 robe of Duty {+Inv rF++}
   (You found it on level 1 of the Vaults)

   It greatly protects you from fire.
   It lets you turn invisible.
 r - a +2 pair of gloves of strength (worn)
 y - a +0 pair of boots of running (worn)
 I - the +2 cloak of Adduduel (worn) {+Fly Int+3 Slay+6}
   (You bought it in a shop on level 9 of the Dungeon)

   It affects your intelligence (+3).
   It affects your accuracy and damage with ranged weapons and melee attacks
   (+6).
   It lets you fly.
 Q - a +2 robe of the Archmagi (worn)
 X - a +1 hat of intelligence (worn)
Magical Staves
 L - an uncursed staff of fire (weapon)
Jewellery
 d - an uncursed ring of fire
 f - a ring of resist corrosion (right hand)
 j - a ring of protection from magic (left hand)
 q - an amulet of the acrobat (around neck)
 s - an uncursed ring of positive energy
 B - the ring of Interdependent Arising {rElec rF+}
   (You bought it in a shop on level 9 of the Dungeon)

   [ring of protection from fire]

   It protects you from fire.
   It insulates you from electricity.
 C - an uncursed ring of see invisible
 P - an uncursed ring of poison resistance
 Z - an uncursed ring of fire
Wands
 i - a wand of acid (8)
 k - a wand of clouds (5)
 z - a wand of scattershot (10)
 F - a wand of digging (9)
 T - a wand of flame (54)
 U - a wand of iceblast (23)
Scrolls
 g - 9 scrolls of magic mapping
 o - 18 scrolls of teleportation
 x - 15 scrolls of remove curse
 D - a scroll of holy word
 G - 3 scrolls of fear
 S - 2 scrolls of identify
 V - 4 scrolls of fog
 W - 7 scrolls of blinking
Potions
 e - 9 potions of lignification
 m - 4 potions of magic
 u - 8 potions of brilliance
 v - 14 potions of curing
 A - 4 potions of ambrosia
 E - 4 potions of cancellation
 H - 6 potions of haste
 N - a potion of resistance
 O - 5 potions of agility
 R - 3 potions of invisibility
 Y - 3 potions of heal wounds
Miscellaneous
 p - a phial of floods
 t - a fan of gales
 J - a lightning rod (4/4)


   Skills:
 + Level 7.0 Fighting
   Level 4.0 Short Blades
 + Level 8.3 Dodging
 - Level 2.4 Stealth
 O Level 27 Spellcasting
 + Level 21.7 Conjurations
 + Level 1.3 Summonings
 + Level 22.3 Fire Magic
 + Level 6.0 Earth Magic
 + Level 8.0 Evocations


You had 23 spell levels left.
You knew the following spells:

 Your Spells              Type           Power        Failure   Level  Hunger
a - Ignition              Fire           #########.   1%          8    None
b - Fire Storm            Conj/Fire      #########.   1%          9    #......
c - Sticky Flame          Conj/Fire      ########     0%          4    None
d - Fireball              Conj/Fire      #########.   0%          5    None
f - Bolt of Fire          Conj/Fire      #########.   0%          6    None
g - Bolt of Magma         Conj/Fire/Erth #########.   0%          5    None
h - Spellforged Servitor  Conj/Summ      ########..   1%          7    None
i - Iron Shot             Conj/Erth      ########..   1%          6    None
j - Blink                 Tloc           N/A          1%          2    None

Your spell library contained the following spells:

 Spells                   Type           Power        Failure   Level  Hunger
 Glaciate                 Conj/Ice       ########..   71%         9    #......
 Flame Tongue             Conj/Fire      #####        0%          1    None
 Magic Dart               Conj           ####         0%          1    None
 Shock                    Conj/Air       ####         0%          1    None
 Searing Ray              Conj           ######       0%          2    None
 Throw Flame              Conj/Fire      ######       0%          2    None
 Throw Frost              Conj/Ice       ######       0%          2    None
 Conjure Flame            Conj/Fire      ########     0%          3    None
 Dazzling Spray           Conj/Hex       ######       0%          3    None
 Inner Flame              Hex/Fire       ########     0%          3    None
 Static Discharge         Conj/Air       ########     0%          3    None
 Stone Arrow              Conj/Erth      ######       0%          3    None
 Iskenderun's Mystic Bla  Conj           ########     0%          4    None
 Beastly Appendage        Tmut           ######       1%          1    None
 Freeze                   Ice            ####         1%          1    None
 Sandblast                Erth           ######       1%          1    None
 Summon Butterflies       Summ           ######..     1%          1    None
 Passwall                 Tmut/Erth      #######.     1%          2    None
 Poisonous Vapours        Pois/Air       ######       1%          2    None
 Shroud of Golubria       Chrm/Tloc      ######....   1%          2    None
 Song of Slaying          Chrm           ######..     1%          2    None
 Sticks to Snakes         Tmut           ######..     1%          2    None
 Swiftness                Chrm/Air       ######..     1%          2    None
 Call Canine Familiar     Summ           ######..     1%          3    None
 Gell's Gravitas          Tloc           ######....   1%          3    None
 Lesser Beckoning         Tloc           ######....   1%          3    None
 Mephitic Cloud           Conj/Pois/Air  ########     1%          3    None
 Ozocubu's Armour         Chrm/Ice       ######..     1%          3    None
 Portal Projectile        Hex/Tloc       ######       1%          3    None
 Spider Form              Tmut/Pois      ######....   1%          3    None
 Airstrike                Air            ######....   1%          4    None
 Force Lance              Conj/Tloc      ########     1%          4    None
 Fulminant Prism          Conj/Hex       ########..   1%          4    None
 Leda's Liquefaction      Hex/Erth       #######...   1%          4    None
 Petrify                  Tmut/Erth      #######.     1%          4    None
 Throw Icicle             Conj/Ice       ########     1%          4    None
 Iskenderun's Battlesphe  Conj/Chrm      ########     1%          5    None
 Lee's Rapid Deconstruct  Erth           #######...   1%          5    None
 Lightning Bolt           Conj/Air       ########..   1%          5    None
 Venom Bolt               Conj/Pois      ########..   1%          5    None
 Bolt of Cold             Conj/Ice       ########..   1%          6    None
 Freezing Cloud           Conj/Ice/Air   ########..   1%          6    None
 Orb of Destruction       Conj           ########..   1%          7    None
 Summon Ice Beast         Ice/Summ       ######..     2%          4    None
 Cause Fear               Hex            ######....   3%          4    None
 Ice Form                 Ice/Tmut       ######..     3%          4    None
 Yara's Violent Unravell  Hex/Tmut       ######....   3%          5    None
 Summon Mana Viper        Hex/Summ       ######..     8%          5    None
 Blade Hands              Tmut           ######....   11%         5    None
 Metabolic Englaciation   Hex/Ice        ######....   11%         5    None
 Silence                  Hex/Air        ######....   11%         5    None
 Ozocubu's Refrigeration  Ice            ######....   16%         6    None
 Statue Form              Tmut/Erth      #######..    17%         6    None
 Deflect Missiles         Chrm/Air       ######....   50%         6    None
 Dispersal                Tloc           ######....   50%         6    None
 Hydra Form               Tmut           ######....   50%         6    None
 Simulacrum               Ice/Necr       ######....   50%         6    None
 Summon Hydra             Summ           ######....   88%         7    None
 Haunt                    Necr/Summ      ######....   94%         7    None
 Dragon Form              Tmut           ######....   97%         7    None
 Shatter                  Erth           #######...   99%         9    #......
 Borgnjor's Revivificati  Necr           ######....   100%        8    None
 Controlled Blink         Tloc           N/A          100%        8    None
 Death's Door             Chrm/Necr      ######....   100%        8    None
 Discord                  Hex            ######....   100%        8    None
 Disjunction              Tloc           ######....   100%        8    None
 Infestation              Necr           ######....   100%        8    None
 Necromutation            Tmut/Necr      ######....   100%        8    None
 Dragon's Call            Summ           ######....   100%        9    #......


Dungeon Overview and Level Annotations

Branches:
Dungeon (15/15)            Temple (1/1) D:7            Lair (6/6) D:9
 Shoals (4/4) Lair:2       Spider (4/4) Lair:3        Slime (1/5) Lair:6
    Orc (2/2) D:9             Elf (3/3) Orc:2        Vaults (4/5) D:13
  Crypt (0/3) Vaults:3     Depths (0/5) D:15

Altars:
Ashenzari
Cheibriados
Dithmenos
Elyvilon
Fedhas
Gozag
Hepliaklqana
Kikubaaqudgha
Makhleb
Nemelex Xobeh
Okawaru
Qazlal
Ru
Sif Muna
Trog
Uskayaw
Vehumet
Wu Jian
Xom
Yredelemnul
Zin
The Shining One
Beogh
Jiyva

Shops:
D:9 ?=?[   Orc:2 =[(*   Elf:1 [   Shoals:3 [   Shoals:4 [*   Vaults:2 *
Vaults:3 *   Vaults:4 [

Annotations:
D:8 Joseph
Lair:2 Fannar


Message History

You see here a dagger.
You see here a throwing net.
Things that are here:
a +0 scale mail; a +0 glaive
Things that are here:
a +0 giant spiked club x2
There is an escape hatch in the floor here.
You slide downwards.
The hatch slams shut behind you.
You see here 3 large rocks.
There is an escape hatch in the floor here.
You slide downwards.
The hatch slams shut behind you.
You lose consciousness!
You can move again.
You can't go down here!
There is a stone staircase leading down here.
There is a stone staircase leading down here.
You climb downwards.
There is a stone staircase leading up here.
You have starved to death.
You die...

.........................####
#####.#........#....#..#....#
#.....##....#....#.#..#.# ###
#...##...###.##.#.###.#.##### ..#
####....##...##.##^##.#......
#.#######################.#######
#.##..""...............##.####
#.#...................###...(####
#.#.##.###......@..#.............
#.#.##.# #.##...##.#########.####
#......# #.##...##.# #.#
#......###.####.##.####### #.#
#......##..# #.##....)..# #.#
#.....###.## #.########.# #.#
#.....# #.# #.# #.# #.#
###.#####.#####.# #.# #.#
#............<# #.###.#


There were no monsters in sight!

Vanquished Creatures
  A Cloud Mage (WizLab)
  A lich (Vaults:1)
  Jorgrun (Orc:2)
  A deep elf blademaster (Elf:3)
  Asterion (Spider:1)
  2 acid blobs (Slime:1)
  A sphinx (Vaults:4)
  3 deep elf master archers (Elf:3)
  Kirke (Shoals:3)
  Gastronok (Lair:3)
  2 fire giants
  An azure jelly (Slime:1)
  A tengu reaver (Vaults:1)
  10 vault wardens
  3 frost giants
  3 large abominations (Elf:3)
  6 ghost moths
  4 emperor scorpions
  Louise (Spider:4)
  11 deep elf sorcerers
  3 orc warlords
  8 deep elf elementalists (Elf:3)
  2 war gargoyles
  7 stone giants
  11 ironheart preservers
  4 entropy weavers
  10 deep elf demonologists
  Azrael (Spider:1)
  10 deep elf annihilators
  4 spark wasps (Spider:4)
  4 deep elf death magi (Elf:3)
  9 merfolk impalers
  5 ettins
  4 blizzard demons (WizLab)
  4 merfolk javelineers
  5 deep elf high priests (Elf:3)
  10 yaktaur captains
  2 great orbs of eyes
  5 vault guards
  Harold (D:11)
  4 rakshasas (Vaults:1)
  4 hydras
  8 centaur warriors
  2 ice dragons
  2 spriggan air magi (WizLab)
  5 merfolk aquamancers
  3 ghost crabs (WizLab)
  3 satyrs
  A catoblepas (Lair:1)
  25 two-headed ogres
  A merfolk avatar (Shoals:3)
  A death knight (D:15)
  7 ogre magi
  22 dancing weapons
  12 death yaks
  A tengu warrior (D:14)
  A deep troll earth mage (Vaults:2)
  An orc high priest (Orc:2)
  25 deep elf knights
  A shock serpent (WizLab)
  14 skeletal warriors
  A shadow wraith (Vaults:3)
  A death drake (shapeshifter) (Vaults:4)
  2 death drakes (WizLab)
  2 fire crabs (Shoals:1)
  A storm dragon skeleton (Vaults:3)
  9 unseen horrors
  8 sea snakes
  16 deep elf archers
  4 wizards
  2 deep trolls (Vaults:2)
  A phantasmal warrior (D:15)
  14 ironbrand convokers
  20 orc knights
  21 harpies
  2 necromancers
  Pikel (D:7)
  6 manticores
  17 orb spiders
  An orb spider (shapeshifter) (Vaults:3)
  A lindwurm (Lair:5)
  A harpy (shapeshifter) (Vaults:2)
  A tengu skeleton (Vaults:3)
  26 wolf spiders
  A stone giant zombie (D:15)
  57 deep elf magi
  A frost giant zombie (Vaults:3)
  35 ugly things
  A fire giant zombie (Vaults:3)
  8 orc sorcerers
  2 oklob plants (Lair:4)
  2 moths of wrath
  3 shining eyes (Slime:1)
  A salamander (shapeshifter) (Vaults:2)
  9 fauns
  A shadow dragon skeleton (Vaults:3)
  8 merfolk sirens
  10 cyclopes
  4 elephants (Lair:5)
  A sphinx skeleton (Vaults:3)
  Maurice (D:8)
  An eye of devastation (Slime:1)
  2 centaur zombies
  A black mamba (Lair:4)
  9 water nymphs
  A fire giant skeleton (D:15)
  2 naga magi (Vaults:1)
  21 vault sentinels
  4 apocalypse crabs (WizLab)
  A spiny frog (shapeshifter) (Vaults:2)
  2 rime drakes
  10 spiny frogs
  8 demonic crawlers
  3 efreet
  10 komodo dragons
  2 kobold demonologists (D:11)
  5 freezing wraiths
  25 yaktaurs
  3 tengu conjurers
  4 polar bears
  3 small abominations (Elf:3)
  2 yaktaur skeletons
  36 jumping spiders
  35 merfolk
  15 hornets
  7 wind drakes
  A troll (shapeshifter) (Vaults:1)
  A meliai (shapeshifter) (Vaults:3)
  39 slime creatures
  11 trolls
  12 snapping turtles
  5 dream sheep
  27 blink frogs
  14 hippogriffs
  Sigmund (D:3)
  13 air elementals (WizLab)
  2 ettin skeletons (Vaults:3)
  A centaur simulacrum (D:14)
  2 shadows
  A spriggan skeleton (D:15)
  A stone giant simulacrum (Vaults:1)
  59 redbacks
  14 spriggans
  53 tarantellas
  64 yaks
  5 hogs (Shoals:3)
  A vampire (D:13)
  10 water elementals
  7 fire elementals
  2 fire bats (Shoals:1)
  A wyvern (Lair:5)
  5 basilisks
  3 vampire mosquitoes (D:15)
  A steam dragon (D:13)
  2 hungry ghosts
  A yaktaur simulacrum (Vaults:2)
  4 wargs
  5 acid dragons
  15 water moccasins
  2 hell hounds
  Duvessa (D:7)
  7 black bears
  A black bear (shapeshifter) (Vaults:4)
  3 sky beasts
  2 ice beasts
  2 slaves (D:7)
  6 porcupines
  64 orc warriors
  3 eyes of draining
  29 ogres
  An eye of draining (shapeshifter) (Vaults:1)
  5 phantoms
  7 boggarts
  A necrophage (D:10)
  19 wolves
  21 centaurs
  6 crocodiles
  4 big kobolds
  Blork the orc (Orc:2)
  11 bullfrogs
  6 earth elementals
  An elf simulacrum (Vaults:1)
  Dowan (D:7)
  2 wyvern zombies
  6 human skeletons (Vaults:3)
  A human simulacrum (Vaults:3)
  7 scorpions
  9 killer bees
  5 howler monkeys
  8 wights
  11 electric eels
  5 crimson imps
  27 orc priests
  8 hounds
  3 jellies
  Crazy Yiuf (D:4)
  26 orc wizards
  3 centaur skeletons
  Ijyb (D:3)
  An iguana (D:6)
  19 worker ants
  2 hound zombies
  2 hound skeletons
  A howler monkey zombie (D:5)
  4 gnolls (D:2)
  9 adders
  2 shadow imps
  5 oozes
  An adder skeleton (D:7)
  2 worms (Lair:3)
  2 dart slugs
  3 leopard geckos
  96 orcs
  5 bats
  8 giant cockroaches
  5 goblins
  11 hobgoblins
  11 jackals
  15 kobolds
  3 quokkas
  2 ball pythons
  3 frilled lizards
  2 jackal skeletons
  A jackal zombie (D:5)
  10 rats
  8 crawling corpses (Elf:3)
  9 fungi
  6 plants
  A withered plant (D:15)
1781 creatures vanquished.

Vanquished Creatures (collateral kills)
  A deep elf blademaster (Elf:3)
  A death drake (WizLab)
  A lindwurm (shapeshifter) (Elf:3)
  A deep elf mage (Elf:3)
  3 air elementals (WizLab)
  4 crawling corpses (Elf:3)
11 creatures vanquished.

Vanquished Creatures (others)
  A dancing weapon (Elf:2)
  A death drake (WizLab)
  2 slaves (D:7)
  71 fire vortices
  10 fungi
  6 plants
91 creatures vanquished.

Grand Total: 1883 creatures vanquished

Notes
Turn   | Place    | Note
-------+----------+-------------------------------------------
     0 | D:1      | OdinFK the Deep Elf Fire Elementalist began the quest for
                  | the Orb.
     0 | D:1      | Reached XP level 1. HP: 10/10 MP: 6/6
   208 | D:1      | Reached XP level 2. HP: 15/15 MP: 5/8
   212 | D:1      | Learned a level 2 spell: Throw Flame
   892 | D:2      | Reached XP level 3. HP: 19/19 MP: 5/10
  1001 | D:2      | Reached skill level 4 in Spellcasting
  1252 | D:2      | Reached XP level 4. HP: 24/24 MP: 2/12
  1872 | D:3      | Noticed Sigmund
  1917 | D:2      | Learned a level 4 spell: Sticky Flame
  2013 | D:3      | Noticed a centaur
  2028 | D:3      | Reached XP level 5. HP: 26/28 MP: 2/14
  2032 | D:3      | Found a deep blue altar of Sif Muna.
  2214 | D:3      | Killed a centaur
  2214 | D:3      | Reached skill level 5 in Spellcasting
  2214 | D:3      | Reached skill level 5 in Fire Magic
  2343 | D:3      | Noticed Ijyb
  2355 | D:3      | Paralysed by Ijyb for 4 turns
  2359 | D:3      | Killed Ijyb
  2541 | D:3      | Reached XP level 6. HP: 32/32 MP: 9/15
  2699 | D:3      | Killed Sigmund
  2789 | D:4      | Found a hide-covered altar of Uskayaw.
  2843 | D:4      | Reached skill level 6 in Spellcasting
  2843 | D:4      | Reached XP level 7. HP: 36/36 MP: 6/18
  3380 | D:4      | Found a runed translucent door.
  3381 | D:4      | Noticed Crazy Yiuf
  3657 | D:4      | Learned a level 5 spell: Fireball
  3659 | D:4      | Found an iron altar of Okawaru.
  3925 | D:4      | Killed Crazy Yiuf
  4036 | D:5      | Entered Level 5 of the Dungeon
  4132 | D:5      | Reached skill level 7 in Spellcasting
  4132 | D:5      | Reached skill level 1 in Evocations
  4157 | D:5      | Found a white marble altar of Elyvilon.
  4399 | D:5      | Reached skill level 5 in Conjurations
  4594 | D:5      | Found an opulent altar of Gozag.
  4595 | D:5      | Found a bloodstained altar of Trog.
  4677 | D:5      | Reached XP level 8. HP: 24/41 MP: 12/21
  4828 | D:5      | Found a shimmering altar of Xom.
  4829 | D:5      | Found a glowing silver altar of Zin.
  5302 | D:6      | Reached skill level 8 in Spellcasting
  5859 | D:7      | Reached skill level 1 in Fighting
  5983 | D:7      | Noticed Duvessa
  5985 | D:7      | Noticed Dowan
  6117 | D:7      | Reached skill level 9 in Spellcasting
  6139 | D:7      | Reached XP level 9. HP: 43/47 MP: 3/24
  6207 | D:7      | Noticed Pikel
  6211 | D:7      | Killed Pikel
  6287 | D:7      | Found a staircase to the Ecumenical Temple.
  6293 | Temple   | Entered the Ecumenical Temple
  6347 | Temple   | Became a worshipper of Vehumet
  6430 | D:7      | Reached skill level 10 in Spellcasting
  6798 | D:7      | Reached skill level 1 in Short Blades
  6838 | D:7      | Killed Duvessa
  6853 | D:7      | Killed Dowan
  7133 | D:8      | Noticed Maurice
  7291 | D:8      | Killed Maurice
  7291 | D:8      | Reached XP level 10. HP: 12/52 MP: 2/26
  7419 | D:8      | Noticed Joseph
  7474 | D:8      | Reached skill level 11 in Spellcasting
  7491 | D:8      | Reached * piety under Vehumet
  7491 | D:8      | Offered knowledge of Shock by Vehumet.
  7550 | D:8      | Found a white marble altar of Elyvilon.
  7659 | D:8      | Found a blossoming altar of Fedhas.
  7778 | D:8      | Found a snail-covered altar of Cheibriados.
  8250 | D:9      | Found a stormy altar of Qazlal.
  8284 | D:9      | Found Hisch's Magic Scroll Shoppe.
  8304 | D:9      | Bought a scroll of random uselessness for 15 gold pieces
  8320 | D:9      | Found a staircase to the Orcish Mines.
  8427 | D:9      | Found Tixuor's Jewellery Boutique.
  8452 | D:9      | Found a hazy altar of Hepliaklqana.
  8683 | D:9      | Offered knowledge of Searing Ray by Vehumet.
  8802 | D:9      | Noticed a death yak
  8803 | D:9      | Noticed a death yak
  8805 | D:9      | Noticed a death yak
  8808 | D:9      | Noticed a death yak
  8928 | D:9      | Reached ** piety under Vehumet
  8999 | D:9      | Found Oroa's Antique Armour Shop.
  9005 | D:9      | Bought a steaming cloak for 247 gold pieces
  9005 | D:9      | Bought a glowing helmet for 195 gold pieces
  9015 | D:9      | Identified the +2 cloak of Adduduel {+Fly Int+3 Slay+6}
                  | (You bought it in a shop on level 9 of the Dungeon)
  9112 | D:9      | Found a staircase to the Lair.
  9153 | Lair:1   | Entered Level 1 of the Lair of Beasts
  9266 | Lair:1   | Noticed a spiny frog
  9269 | Lair:1   | Killed a spiny frog
  9269 | Lair:1   | Reached skill level 10 in Fire Magic
  9302 | Lair:1   | Reached skill level 12 in Spellcasting
 10066 | Lair:2   | Found a staircase to the Shoals.
 10066 | Lair:2   | Noticed a spiny frog
 10072 | Lair:1   | Killed a spiny frog
 10072 | Lair:1   | Reached XP level 11. HP: 55/57 MP: 13/29
 10076 | Lair:1   | Reached skill level 10 in Conjurations
 10141 | Lair:2   | Noticed Fannar
 10208 | Lair:2   | Noticed a catoblepas
 10314 | Lair:1   | Killed a catoblepas
 10498 | Lair:2   | Reached skill level 13 in Spellcasting
 10889 | Lair:2   | Offered knowledge of Static Discharge by Vehumet.
 11039 | Lair:3   | Got a fine robe
 11052 | Lair:3   | Identified the +1 robe of Articulation {-Cast +Fly Str+4
                  | Slay+3} (You found it on level 3 of the Lair of Beasts)
 11168 | Lair:3   | Found a hole to the Spider Nest.
 11192 | Lair:3   | Reached *** piety under Vehumet
 11329 | Lair:3   | Noticed Gastronok
 11524 | Lair:3   | Reached skill level 5 in Dodging
 11729 | Lair:4   | Offered knowledge of Force Lance by Vehumet.
 11731 | Lair:4   | Noticed a seven-headed hydra
 11919 | Lair:4   | Reached XP level 12. HP: 64/64 MP: 10/31
 12325 | Lair:4   | Reached skill level 14 in Spellcasting
 12608 | Lair:4   | Killed a seven-headed hydra
 12732 | Lair:4   | Reached **** piety under Vehumet
 13083 | Lair:5   | Offered knowledge of Fulminant Prism by Vehumet.
 13135 | Lair:5   | Learned a level 3 spell: Stone Arrow
 13586 | Lair:5   | Reached skill level 15 in Spellcasting
 14123 | D:9      | Found Faluissieg's Magic Scroll Shop.
 14329 | D:10     | Entered Level 10 of the Dungeon
 14932 | D:10     | Reached XP level 13. HP: 67/67 MP: 10/34
 14942 | D:10     | Reached ***** piety under Vehumet
 14942 | D:10     | Offered knowledge of Bolt of Draining by Vehumet.
 15355 | D:11     | Noticed Harold
 15369 | D:11     | Killed Harold
 16040 | D:12     | Reached skill level 16 in Spellcasting
 16330 | D:12     | Noticed an ettin
 16351 | D:12     | Killed an ettin
 16403 | D:12     | Learned a level 6 spell: Bolt of Fire
 16414 | D:12     | Noticed a stone giant
 16417 | D:12     | Killed a stone giant
 16553 | D:12     | Noticed a war gargoyle
 16556 | D:12     | Killed a war gargoyle
 16676 | D:12     | Noticed a frost giant
 16825 | Orc:1    | Entered Level 1 of the Orcish Mines
 16834 | Orc:1    | Noticed an ettin
 16872 | D:9      | Offered knowledge of Bolt of Cold by Vehumet.
 17320 | Lair:6   | Entered Level 6 of the Lair of Beasts
 17340 | Lair:6   | Reached skill level 17 in Spellcasting
 17512 | Lair:6   | Reached XP level 14. HP: 71/71 MP: 21/37
 18000 | Lair:6   | Offered knowledge of Bolt of Magma by Vehumet.
 18267 | Lair:6   | Found a runed translucent door.
 18268 | Lair:6   | Found a viscous altar of Jiyva.
 18268 | Lair:6   | Found a staircase to the Slime Pits.
 18320 | Lair:6   | Learned a level 5 spell: Bolt of Magma
 18338 | Lair:6   | Reached skill level 15 in Fire Magic
 18973 | Spider:1 | Entered Level 1 of the Spider Nest
 18975 | Spider:1 | Reached skill level 18 in Spellcasting
 19328 | Spider:1 | Reached skill level 15 in Conjurations
 19332 | Spider:1 | Noticed Azrael
 19403 | Spider:1 | Killed Azrael
 19900 | Spider:1 | Noticed Asterion
 19904 | Spider:1 | Killed Asterion
 19904 | Spider:1 | Reached XP level 15. HP: 32/77 MP: 23/39
 19911 | Spider:1 | Reached ****** piety under Vehumet
 19911 | Spider:1 | Reached skill level 1 in Earth Magic
 20432 | Spider:1 | Offered knowledge of Poison Arrow by Vehumet.
 21243 | Spider:2 | Reached skill level 19 in Spellcasting
 21444 | Spider:2 | Offered knowledge of Spellforged Servitor by Vehumet.
 21616 | Spider:2 | Noticed a ghost moth
 21622 | Spider:2 | Killed a ghost moth
 22590 | Spider:3 | Learned a level 7 spell: Spellforged Servitor
 23020 | Spider:3 | Noticed a ghost moth
 23318 | Spider:3 | Killed a ghost moth
 23390 | Spider:4 | Entered Level 4 of the Spider Nest
 23577 | Spider:4 | Offered knowledge of Freezing Cloud by Vehumet.
 23660 | Spider:4 | Noticed Louise
 23665 | Spider:4 | Killed Louise
 23665 | Spider:4 | Reached skill level 20 in Spellcasting
 23665 | Spider:4 | Reached XP level 16. HP: 82/82 MP: 24/42
 24361 | Spider:4 | HP: 3/84 [wolf spider (17)]
 24366 | Spider:4 | HP: 3/84 [jumping spider (7)]
 24386 | Spider:4 | Reached skill level 5 in Evocations
 25291 | D:9      | Bought the ring of Interdependent Arising {rElec rF+} for
                  | 507 gold pieces
 25315 | D:9      | Bought a scroll of blinking for 105 gold pieces
 25334 | D:9      | Bought a scroll of blinking for 112 gold pieces
 25334 | D:9      | Bought a scroll of blinking for 112 gold pieces
 25700 | Spider:4 | Offered knowledge of Iron Shot by Vehumet.
 26095 | Spider:4 | Learned a level 6 spell: Iron Shot
 26979 | Spider:4 | Got a gossamer rune of Zot
 27229 | Lair:3   | Killed Gastronok
 28199 | D:13     | Reached skill level 5 in Fighting
 28368 | D:13     | Offered knowledge of Fire Storm by Vehumet.
 28368 | D:13     | Offered knowledge of Glaciate by Vehumet.
 28368 | D:13     | Offered knowledge of Ignition by Vehumet.
 28389 | D:13     | Learned a level 8 spell: Ignition
 28399 | D:13     | Learned a level 9 spell: Fire Storm
 28536 | D:13     | Found a gate to the Vaults.
 29486 | D:14     | Paralysed by a wizard for 6 turns
 29906 | D:15     | Entered Level 15 of the Dungeon
 29920 | D:15     | Found a blossoming altar of Fedhas.
 30097 | D:15     | Reached XP level 17. HP: 92/92 MP: 25/43
 30222 | D:15     | Found a staircase to the Depths.
 30977 | Orc:1    | Reached skill level 21 in Spellcasting
 31490 | Orc:1    | Found a bloodstained altar of Trog.
 31682 | Orc:2    | Entered Level 2 of the Orcish Mines
 31827 | Orc:2    | Found a staircase to the Elven Halls.
 32000 | Orc:2    | Noticed Blork the orc
 32010 | Orc:2    | Noticed Jorgrun
 32010 | Orc:2    | Killed Blork the orc
 32204 | Orc:2    | Killed Jorgrun
 32271 | Orc:2    | Found a roughly hewn altar of Beogh.
 32426 | Orc:2    | Found Ikhac's General Store.
 32432 | Orc:2    | Bought an uncursed staff of fire for 275 gold pieces
 32459 | Orc:2    | Found Ucuuq's Antique Weapon Boutique.
 32476 | Orc:2    | Found Umpocupp's Jewellery Boutique.
 32491 | Orc:2    | Found Oviubb's Antique Armour Boutique.
 32501 | Orc:2    | Bought a glowing robe for 136 gold pieces
 32501 | Orc:2    | Bought a pair of glowing gloves for 277 gold pieces
 32501 | Orc:2    | Bought an embroidered robe for 136 gold pieces
 32666 | Orc:2    | Found a roughly hewn altar of Beogh.
 32965 | Shoals:1 | Entered Level 1 of the Shoals
 34056 | Shoals:2 | Reached skill level 22 in Spellcasting
 34443 | Shoals:3 | Found Xetil's Armour Shoppe.
 34458 | Shoals:3 | Bought a +0 pair of boots of running for 315 gold pieces
 34785 | Shoals:3 | Noticed Kirke
 34792 | Shoals:3 | Killed Kirke
 34792 | Shoals:3 | Reached XP level 18. HP: 96/96 MP: 44/46
 34962 | Shoals:4 | Entered Level 4 of the Shoals
 35071 | Shoals:4 | Identified the Papyrus of the Traveller and Moulding
 35168 | Shoals:4 | Got a barnacled rune of Zot
 35183 | Shoals:4 | Found Dyvyfuneidgh's Antique Armour Shoppe.
 35338 | Shoals:4 | Bought a pair of embroidered gloves for 210 gold pieces
 35649 | Shoals:4 | Identified Zuon Cem's Easy Sorcery
 35658 | Shoals:4 | Learned a level 2 spell: Blink
 35688 | Shoals:4 | Found Jemanumn's General Store.
 36131 | Vaults:1 | Entered Level 1 of the Vaults
 36200 | Vaults:1 | Reached skill level 23 in Spellcasting
 37114 | Vaults:1 | Reached XP level 19. HP: 101/101 MP: 9/48
 37478 | Vaults:1 | Noticed a lich
 37479 | Vaults:1 | Killed a lich
 37484 | Vaults:1 | Found a radiant altar of Vehumet.
 37490 | Vaults:1 | Got a steaming robe
 37547 | Vaults:1 | Identified the cursed +1 robe of Duty {+Inv rF++} (You
                  | found it on level 1 of the Vaults)
 37579 | Vaults:1 | Got an ancient robe
 37622 | Vaults:1 | Identified the +2 robe of Cowardice {-Cast rElec rPois
                  | Int+4} (You found it on level 1 of the Vaults)
 37778 | Vaults:2 | Reached skill level 24 in Spellcasting
 37848 | Vaults:2 | Found Cang's Assorted Antiques.
 37872 | Vaults:2 | Identified a scroll of acquirement
 37891 | Vaults:2 | Got a heavily runed bronze ring
 37893 | Vaults:2 | Identified the ring of the Hare {MP+9 Str+5} (You acquired
                  | it on level 2 of the Vaults)
 39822 | Vaults:3 | Reached skill level 25 in Spellcasting
 39942 | Vaults:3 | Found a staircase to the Crypt.
 40076 | Vaults:3 | Reached XP level 20. HP: 106/106 MP: 40/51
 40141 | Vaults:3 | You fall through a shaft!
 40485 | Vaults:3 | Found Umpu's General Store.
 41100 | Vaults:4 | Found Hajifurr's Armour Boutique.
 42576 | Elf:1    | Entered Level 1 of the Elven Halls
 42653 | Elf:1    | Found a magical portal.
 42663 | WizLab   | Entered The Chambers of the Cloud Mage
 43767 | WizLab   | Identified the Compendium of Feathers
 43790 | WizLab   | Identified a +0 pair of boots of running (You found it in a
                  | wizard's laboratory)
 43804 | WizLab   | Identified a +0 pair of boots of running (You found it in a
                  | wizard's laboratory)
 44029 | Elf:1    | Found Ucwuci's Armour Shoppe.
 44180 | Elf:1    | Reached XP level 21. HP: 111/111 MP: 39/52
 45169 | Elf:2    | Reached skill level 26 in Spellcasting
 45272 | Elf:2    | Found a runed translucent gate.
 45272 | Elf:2    | Found a runed translucent gate.
 45273 | Elf:2    | Found a runed translucent gate.
 45817 | Elf:2    | Reached skill level 5 in Earth Magic
 46110 | Elf:3    | Entered Level 3 of the Elven Halls
 46266 | Elf:3    | Reached skill level 1 in Summonings
 46275 | Elf:3    | Reached XP level 22. HP: 118/118 MP: 35/54
 46461 | Elf:3    | Found the +5 robe of Night {Dark MR+ SInv}
 46508 | Elf:3    | Identified the Grimoire of the Glacier and the Birds
 46667 | Elf:3    | Got a brightly glowing scimitar
 46668 | Elf:3    | Identified the +6 scimitar of the Middle {protect, Fragile
                  | +Fly rC+++ Dex+7} (You found it on level 3 of the Elven
                  | Halls)
 47317 | Slime:1  | Entered Level 1 of the Pits of Slime
 47348 | Slime:1  | Reached skill level 27 in Spellcasting
 47935 | Lair:1   | Paralysed by fainting for 12 turns
 48044 | D:13     | Paralysed by fainting for 9 turns
 48071 | D:14     | Starved to death

Skill      XL: |  1  2  3  4  5  6  7  8  9 10 11 12 13 14 15 16 17 18 19 20 21 22 |
---------------+-------------------------------------------------------------------+-----
Fire Magic     | 4 5 6 7 9 10 11 13 14 15 16 17 18 19 20 21 22 | 22.3
Spellcasting   | 4 5 6 7 9 10 12 13 15 17 18 20 22 23 25 26 27 | 27.0
Conjurations   | 2 3 4 5 6 8 9 11 12 14 15 16 17 18 19 20 21 | 21.7
Dodging        | 3 4 5 6 7 8 |  8.3
Evocations     | 2 3 4 6 7 8 |  8.0
Fighting       | 1 2 3 5 6 7 |  7.0
Short Blades   | 1 2 3 4 |  4.0
Earth Magic    | 2 4 6 |  6.0
Summonings     | 1 |  1.3
Stealth        | |  2.4

Action                   |  1- 3 |  4- 6 |  7- 9 | 10-12 | 13-15 | 16-18 | 19-21 | 22-24 || total
-------------------------+-------+-------+-------+-------+-------+-------+-------+-------++-------
Melee: Dagger            |     6 |    18 |     5 |    22 |    60 |    45 |       |       ||   156
       Short sword       |       |       |    34 |    30 |       |       |       |       ||    64
       Staff             |       |       |       |       |       |       |     2 |     1 ||     3
 Cast: Flame Tongue      |    35 |    37 |    89 |   153 |    42 |       |       |       ||   356
       Throw Flame       |    28 |    28 |    38 |    65 |     6 |       |       |       ||   165
       Sticky Flame      |       |     3 |    27 |    83 |    45 |    19 |    13 |       ||   190
       Fireball          |       |       |    26 |    96 |   116 |    96 |    43 |     6 ||   383
       Stone Arrow       |       |       |       |     7 |    10 |       |       |       ||    17
       Bolt of Fire      |       |       |       |       |   218 |   356 |   259 |    13 ||   846
       Bolt of Magma     |       |       |       |       |    18 |    31 |    26 |       ||    75
       Spellforged Servi |       |       |       |       |       |     5 |     3 |       ||     8
       Ignition          |       |       |       |       |       |    22 |    33 |     4 ||    59
       Iron Shot         |       |       |       |       |       |       |    41 |     1 ||    42
       Fire Storm        |       |       |       |       |       |       |    24 |     8 ||    32
 Abil: Evoke Flight      |       |       |       |     1 |     1 |     1 |       |       ||     3
       Stop Flying       |       |       |       |       |       |     1 |       |       ||     1
Evoke: Wand              |       |       |     3 |     2 |    12 |     5 |       |       ||    22
       Crystal ball of e |       |       |       |       |       |     1 |       |       ||     1
  Use: Scroll            |       |       |     6 |    18 |    12 |    14 |     6 |     2 ||    58
       Potion            |       |       |       |     1 |       |     5 |       |       ||     6
 Stab: Sleeping          |     1 |       |     1 |     2 |       |     2 |       |       ||     6
       Petrified         |       |       |       |     3 |       |       |       |       ||     3
       Paralysed         |       |       |       |       |     3 |       |       |       ||     3
  Eat: Chunk             |     1 |     5 |    21 |    28 |    16 |    34 |    23 |     2 ||   130
       Ration            |       |       |       |       |     3 |     3 |     1 |       ||     7
Armor: Robe              |     1 |     6 |    14 |    21 |    46 |    46 |    13 |       ||   147
Dodge: Dodged            |     4 |    31 |    66 |   105 |   120 |   115 |    25 |       ||   466
